 Dungeon Crawl Stone Soup version 0.32-a0-433-g08bcfe7efd (webtiles) character file.

Game seed: 5935271796098409800

153 snarfax the Chopper (level 5, -1/41 HPs)
             Began as a Coglin Gladiator on Feb 22, 2024.
             Slain by an orc
             ... wielding a +0 hand axe
              (5 damage)
             ... on level 3 of the Dungeon.
             The game lasted 00:09:21 (2003 turns).

snarfax the Chopper (Coglin Gladiator)              Turns: 2003, Time: 00:09:22

Health: -1/41      AC:  7    Str: 16    XL:     5   Next: 35%
Magic:  5/5        EV: 10    Int:  8    God:
Gold:   41         SH:  0    Dex: 15    Spells: 4/4 levels left

rFire   . . .        a - +0 war axe {Kazuki}
rCold   . . .        r - +0 mace {Wilfreda}
rNeg    . . .        p - +0 scale mail
rPois   .            c - +0 helmet
rElec   .            (no cloak)
rCorr   .            (no gloves)
SInv    .            (no boots)
Will    .....        (no amulet) Stlth
                     (no ring)
HPRegen 0.26/turn    (no ring)
MPRegen 0.09/turn

%: no passive effects
@: mighty, immotile, revved
A: off-hand wielding, slow wielding, warmup strikes, legs shutdown
a: no special abilities


You were on level 3 of the Dungeon.
You visited 1 branch of the dungeon, and saw 3 of its levels.

You collected 125 gold pieces.
You spent 84 gold pieces at shops.

Inventory:

Hand Weapons
 a - a +0 war axe (weapon) {Kazuki}
 r - a +0 mace (offhand) {Wilfreda}
Missiles
 d - 3 throwing nets
 e - a javelin
 h - 2 darts of dispersal (quivered)
 q - 2 poisoned darts
Armour
 b - a +0 leather armour
 c - a +0 helmet (worn)
 p - a +0 scale mail (worn)
Scrolls
 f - a scroll of poison
 l - a scroll of identify
 m - a scroll of teleportation {unknown}
 n - a scroll of revelation {unknown}
Potions
 g - a potion of brilliance
 j - a potion of haste {unknown}
 o - a potion of heal wounds {unknown}


   Skills:
 + Level 3.1 Fighting
 * Level 4.6 Axes
 - Level 1.7 Throwing
 + Level 0.2 Armour
 + Level 3.5 Dodging


You had 4 spell levels left.
You didn't know any spells.
Your spell library contained the following spells:

 Spells                   Type           Power      Damage    Failure   Level
 Haunt                    Necr/Summ      0%         N/A       100%        7
 Borgnjor's Revivificati  Necr           0%         N/A       100%        8
 Death's Door             Necr           0%         N/A       100%        9


Dungeon Overview and Level Annotations

Branches:
Dungeon (3/15)

Altars:
Okawaru
Vehumet

Shops:
D:1 !?


Innate Abilities, Weirdness & Mutations

You can wield a second weapon in your off-hand.
It takes a long time for you to wield or remove held weapons.
Your first few attacks do less damage.
Attacking and casting redirects power from your legs.


Message History

* * * LOW HITPOINT WARNING * * *
The adder barely misses you.
You miss the adder with your +0 war axe.
The adder is heavily wounded.
You hit the adder with your +0 mace.
You kill the adder!
The gnoll hits you from afar with a +0 spear.
* * * LOW HITPOINT WARNING * * *
The gnoll barely misses you.
You feel better.
You are no longer unable to travel.
The gnoll barely misses you. x2
The gnoll misses you. The gnoll hits you with a +0 halberd.
The orc hits you but does no damage.
Things that are here:
a +0 flail; an adder corpse; a gnoll corpse You hit the gnoll with your +0 mace.
The gnoll is heavily wounded.
You slash the gnoll with your +0 war axe!
You barely miss the orc with your +0 war axe.
You hit the gnoll with your +0 war axe.
An orc comes into view. It is wielding a +0 short sword.
The gnoll barely misses you. The gnoll hits you with a +0 halberd.
* * * LOW HITPOINT WARNING * * *
The orc hits you with a +0 hand axe.
* * * LOW HITPOINT WARNING * * *
The gnoll hits you but does no damage. x2
You feel very mighty all of a sudden.
You are no longer unable to travel.
The orc shouts!
You hear a shout!
The orc hits you but does no damage. The gnoll barely misses you.
The gnoll hits you but does no damage.
You closely miss the gnoll with your +0 war axe.
The gnoll is almost dead.
You hit the orc but do no damage.
You slash the gnoll with your +0 war axe!
You kill the gnoll!
You sock the gnoll with your +0 mace!
You kill the gnoll!
The orc barely misses you. The orc hits you with a +0 hand axe.
You die...

..........#.# #.#
#.#.......#.# #.#....#
#.#.....#.#.###.#....#
#.#.##....#.....#....#
#.#.##..........#....#
#.#.##..........#....#
..# .........#....#
### ........o#....#...
.....#
........)@........
.....#
........o#....###.
####..
.........#######
...####.g...... ##.
#........ # #........
#........ #........
#........


You could see 2 orcs.

Vanquished Creatures
  7 gnolls
  4 adders
  2 dart slugs (D:1)
  2 orcs (D:3)
  6 endoplasms (D:1)
  6 giant cockroaches
  4 goblins
  3 hobgoblins
  3 jackals (D:2)
  6 quokkas
  4 ball pythons
  9 bats
  3 frilled lizards
  3 kobolds
  3 rats (D:1)
65 creatures vanquished.

Notes
Turn   | Place    | Note
-------+----------+-------------------------------------------
     0 | D:1      | snarfax the Coglin Gladiator began the quest for the Orb.
     0 | D:1      | Reached XP level 1. HP: 16/16 MP: 1/1
    79 | D:1      | Reached XP level 2. HP: 14/22 MP: 2/2
   377 | D:1      | Reached XP level 3. HP: 28/28 MP: 3/3
   447 | D:1      | Found Ijaec's Distillery.
   467 | D:1      | Bought a potion of curing for 36 gold pieces
   467 | D:1      | Bought a potion of might for 48 gold pieces
   783 | D:1      | Found Surchuck's Magic Scroll Shoppe.
   923 | D:2      | Found a radiant altar of Vehumet.
  1062 | D:2      | Reached skill level 4 in Axes
  1062 | D:2      | Reached XP level 4. HP: 34/34 MP: 4/4
  1338 | D:2      | Reached XP level 5. HP: 41/41 MP: 5/5
  1725 | D:2      | Noticed a phantom
  1807 | D:3      | Found an iron altar of Okawaru.
  2003 | D:3      | Slain by an orc

Illustrated notes

Levels and vault maps discovered:
D:1:      lemuel_arrival_rhombus, layout_loops_ring, serial_shops, shop, shop,
          minmay_tetromino_t2
D:2:      layout_loops_ring, basic_altar, lightli_corner_chamber
D:3:      layout_basic, nicolae_dithmenos_through_a_glass_darkly,
          kennysheep_okawaru_gauntlet, mainiacjoe_overflow_boulevard

Skill      XL: |  1  2  3  4 |
---------------+-------------+-----
Dodging        | 3 |  3.5
Axes           | 4 |  4.6
Fighting       | 3 |  3.1
Throwing       | |  1.7
Armour         | |  0.2

Action                     |  1- 3 |  4- 6 || total
---------------------------+-------+-------++-------
  Melee: War axe           |   100 |    59 ||   159
         Dagger            |    72 |    50 ||   122
         Mace              |       |     8 ||     8
  Throw: Dart              |       |     2 ||     2
    Use: Scroll            |     4 |       ||     4
         Potion            |       |     2 ||     2
 Armour: Leather armour    |    56 |    18 ||    74
         Scale mail        |       |    37 ||    37
  Dodge: Dodged            |    70 |    65 ||   135

Table legend: (Time is in decaauts)
 A = Elapsed time spent in this place.
 B = Non-inter-level travel time spent in this place.
 C = Inter-level travel time spent in this place.
 D = Time resting spent in this place.
 E = Time spent auto-exploring this place.
 F = Levels seen in this place.
 G = Mean time per level.
                   A        B        C        D        E       F      G
               +--------+--------+--------+--------+--------+-----+--------+
         Total |   2012 |   1983 |     29 |     23 |   1482 |   3 |  670.7 |
       Dungeon |   2012 |   1983 |     29 |     23 |   1482 |   3 |  670.7 |
               +--------+--------+--------+--------+--------+-----+--------+

Top non-repeatable levels by time:
     D:1: 933 daAuts
     D:2: 908 daAuts
     D:3: 171 daAuts
